cohdb
Replays
Latest Replays
All Replays
Popular Replays
Top Player Replays
Match Explorer
How It Works
Community
CoH3 Stats
Reddit
Sign in to upload your games and track your stats! →
Sign in with Steam
Match 43188169
Unlisted
Match 43188169
Overview
Messages
Build Orders
End
Vickers Machine Gun Team
Selects Heavy Armor Battlegroup
Construct Section Command Post
Infantry Section
Infantry Section
Construct Platoon Command Post
Selects Rigorous Vehicle Training
Humber Armored Car
CMP 15cwt Truck
Forward Retreat Point
Selects Forward Repair Assembly
ML 3-inch Mortar Team
Construct Company Command Post
Foot Guards Section
Unlock M3 Grant Medium Tanks
M3 Grant Medium Tank
Armored Vehicle Training
M3 Grant Medium Tank
Unlock Bishop Self-propelled Artillery
[USS] Felthecat
General_Watcher
铁娃
BBQ
Rat of Tobruk
ZeZwott
Meleys
♛Prince♛
0
0
Comments
sign in to comment!
No comments posted yet!